 Dungeon Crawl Stone Soup version 0.26.1-11-gd32895ea62 (webtiles) character file.

Game seed: 16752831023900692224

690 buriedalive the Chiller (level 7, -5/36 HPs)
             Began as a Deep Elf Ice Elementalist on May 24, 2021.
             Slain by Menkaure (9 damage)
             ... on level 4 of the Dungeon.
             The game lasted 00:07:51 (4832 turns).

buriedalive the Chiller (Deep Elf Ice Elementalist) Turns: 4832, Time: 00:07:52

Health: -5/36      AC: 10    Str:  5    XL:     7   Next: 36%
Magic:  9/15       EV: 15    Int: 22    God:
Gold:   233        SH:  0    Dex: 15    Spells: 3/14 levels left

rFire    . . .     SeeInvis .   d - +0 dagger
rCold    . . .     Faith    .   (no shield)
rNeg     . . .     Spirit   .   n - +0 leather armour
rPois    .         Reflect  .   i - +0 helmet
rElec    .         Harm     .   (no cloak)
rCorr    .         Rampage  .   l - +0 pair of gloves
Will     .....                  (no boots)
Stlth    ++........             (no amulet)
HPRegen  0.12/turn              (no ring)
MPRegen  0.14/turn              (no ring)

@: icy armour, frozen ramparts
A: no striking features
a: no special abilities


You were on level 4 of the Dungeon.
You visited 1 branch of the dungeon, and saw 4 of its levels.

You collected 233 gold pieces.

Inventory:

Hand Weapons
 d - a +0 dagger (weapon)
Missiles
 c - 135 stones
Armour
 a - a +0 robe
 i - a +0 helmet (worn)
 l - a +0 pair of gloves (worn)
 n - a +0 leather armour (worn)
Wands
 o - a wand of polymorph (6)
 q - a wand of iceblast (5)
 s - a wand of flame (14)
Scrolls
 b - 3 scrolls of random uselessness {unknown}
 e - 2 scrolls of identify {unknown}
 f - 3 scrolls of teleportation {unknown}
 g - a scroll of amnesia {unknown}
 h - 4 scrolls of enchant weapon {unknown}
 k - a scroll of immolation {unknown}
 m - 2 scrolls of remove curse {unknown}
 r - 3 scrolls of magic mapping {unknown}
Potions
 j - a potion of heal wounds
 p - a potion of attraction


   Skills:
 + Level 7.0 Dodging
 - Level 2.4 Stealth
 - Level 4.0 Spellcasting
 + Level 7.5 Ice Magic


You had 3 spell levels left.
You knew the following spells:

 Your Spells              Type           Power        Failure   Level
a - Freeze                Ice            100%         1%          1
b - Frozen Ramparts       Ice            74%          2%          3
c - Ozocubu's Armour      Ice            37%          2%          3
d - Summon Ice Beast      Ice/Summ       20%          36%         4

Your spell library contained the following spells:

 Spells                   Type           Power        Failure   Level
 Hailstorm                Conj/Ice       20%          36%         4


Dungeon Overview and Level Annotations

Branches:
Dungeon (4/15)
 Temple: D:4-7

Altars:

Annotations:
D:3 Grinder
D:4 Menkaure


Message History

The howler monkey skeleton resists.
The wall freezes the howler monkey skeleton.
The howler monkey skeleton barely misses you.
Menkaure resists.
The wall freezes Menkaure.
Menkaure barely misses you.
You hit Menkaure.
Menkaure is heavily damaged.
The howler monkey skeleton completely resists.
The wall freezes the howler monkey skeleton but does no damage.
The howler monkey skeleton closely misses you.
Menkaure resists.
The wall freezes Menkaure.
Menkaure closely misses you.
Unknown command.
Casting: Frozen Ramparts (dangerous; 2% risk of failure)
Confirm with . or Enter, or press ? or * to list all spells.
Aiming: Freeze (safe; 1% risk of failure)
Press: ? - help, Shift-Dir - straight line, f - howler monkey skeleton
Aim: a howler monkey skeleton (severely damaged)
The howler monkey skeleton resists.
You freeze the howler monkey skeleton.
The howler monkey skeleton is almost destroyed.
Menkaure resists.
The wall freezes Menkaure.
Menkaure hits you!
You die...

.....<....# #..........#
#....).....##
##..........
#..........#
#..........#
##..........#
...........M##
...........Z@###
...........#.)(# ###
..........####.######...
.......#######..........
.......#........#...##.#
.......................#
......#########...(.....
. ...... ##....#######.#
...... #...##.......#


You could see Menkaure (fast) and a howler monkey skeleton.

Vanquished Creatures
  Eustachio (D:4)
  Duvessa (D:4)
  Purgy (D:4)
  An ogre (D:4)
  Dowan (D:4)
  Ijyb (D:3)
  2 orc wizards (D:3)
  A hound skeleton (D:4)
  Robin (D:3)
  3 gnolls (D:4)
  An adder (D:3)
  2 oozes
  2 worms (D:3)
  4 dart slugs
  A leopard gecko (D:1)
  6 orcs
  A giant cockroach (D:2)
  6 hobgoblins
  7 jackals (D:2)
  4 quokkas
  2 ball pythons (D:1)
  6 bats
  7 frilled lizards
  18 goblins
  4 kobolds
  5 rats
89 creatures vanquished.

Notes
Turn   | Place    | Note
-------+----------+-------------------------------------------
     0 | D:1      | buriedalive the Deep Elf Ice Elementalist began the quest
                  | for the Orb.
     0 | D:1      | Reached XP level 1. HP: 10/10 MP: 6/6
   549 | D:1      | Reached XP level 2. HP: 11/15 MP: 6/8
  1323 | D:2      | Reached XP level 3. HP: 12/19 MP: 7/10
  2007 | D:2      | Reached skill level 5 in Ice Magic
  2202 | D:3      | Reached XP level 4. HP: 16/24 MP: 7/12
  2564 | D:3      | Noticed Ijyb
  2568 | D:3      | Killed Ijyb
  2595 | D:3      | Learned a level 3 spell: Frozen Ramparts
  2599 | D:3      | Learned a level 3 spell: Ozocubu's Armour
  2604 | D:3      | Learned a level 4 spell: Summon Ice Beast
  2924 | D:3      | Noticed Robin
  2959 | D:3      | HP: 1/24 [Robin/+0 whip (4)]
  2977 | D:3      | Killed Robin
  2978 | D:3      | Reached XP level 5. HP: 13/28 MP: 0/13
  4101 | D:3      | Noticed Grinder
  4161 | D:4      | Noticed Duvessa
  4161 | D:4      | Noticed Dowan
  4182 | D:4      | Killed Dowan
  4183 | D:4      | Reached skill level 5 in Dodging
  4189 | D:4      | Killed Duvessa
  4190 | D:4      | Reached XP level 6. HP: 6/32 MP: 9/14
  4452 | D:4      | Noticed Purgy
  4458 | D:4      | Killed Purgy
  4589 | D:4      | Noticed Eustachio
  4609 | D:4      | Killed Eustachio
  4610 | D:4      | Reached XP level 7. HP: 36/36 MP: 6/15
  4615 | D:4      | Noticed Menkaure
  4832 | D:4      | Slain by Menkaure

Illustrated notes

Levels and vault maps discovered:
D:1:      onia_arrival_handbag, layout_basic, minmay_heptomino_l4
D:2:      layout_rooms
D:3:      layout_basic, uniq_robin, uniq_terence, uniq_ijyb, uniq_grinder
D:4:      layout_rooms, minmay_temple_entry_enclosed_plants, minmay_liquid_box,
          uniq_eustachio, uniq_purgy, uniq_menkaure, uniq_duvessa

Skill      XL: |  1  2  3  4  5  6  7 |
---------------+----------------------+-----
Dodging        | 3 4 5 6 7 |  7.0
Spellcasting   | 4 |  4.0
Ice Magic      | 5 6 7 |  7.5
Stealth        | |  2.4

Action                   |  1- 3 |  4- 6 |  7- 9 || total
-------------------------+-------+-------+-------++-------
Melee: Unarmed           |     7 |    18 |       ||    25
       Dagger            |    64 |    71 |    22 ||   157
 Cast: Freeze            |    49 |    60 |     5 ||   114
       Frozen Ramparts   |       |     4 |     2 ||     6
       Ozocubu's Armour  |       |     3 |     2 ||     5
Evoke: Wand              |       |     2 |       ||     2
  Use: Potion            |       |     5 |       ||     5
 Stab: Sleeping          |    11 |     2 |       ||    13
       Confused          |       |     1 |       ||     1
Armor: Robe              |    12 |       |       ||    12
       Leather armour    |       |    32 |     5 ||    37
       Skin              |       |     2 |       ||     2
Dodge: Dodged            |    76 |    86 |    22 ||   184
